Map: Shrines of Lizul

Players

Tuti

  • Race: Terran Terran
  • League: Master
  • Spawn Location: 6:00

Julius

  • Race: Terran Terran
  • Spawn Location: 9:00

BizMac

  • Race: Zerg Zerg
  • Spawn Location: 12:00

ILIEKEGGPIE

  • Race: Protoss Protoss
  • League: Platinum
  • Spawn Location: 3:00

VOD

Have the link to the VOD?

Description

Time

  • Played on: May 18, 2018, 7:59 a.m.
  • Length: 5:18
Show
View Real Time Build Order
Export as new Build Order

Tuti Terran 

Build Orders:  

Get SALT Encoding   

  12  0:00  SCV  
  13  0:13  SCV  
  14  0:21  Supply Depot  
  14  0:25  SCV  
  15  0:35  Refinery  
  15  0:43  SCV  
  15  0:45  Barracks  
  16  0:55  SCV  
  17  1:07  SCV  
  18  1:19  SCV  
  19  1:32  Marine  
  19  1:33  Orbital Command  
  19  1:36  Supply Depot  
  20  1:54  Barracks Tech Lab  
  20  1:59  SCV  
  21  2:11  SCV  
  22  2:16  Stimpack  
  22  2:22  Command Center  
  22  2:23  Marine, SCV  
  22  2:29  Barracks  
  24  2:35  SCV  
  25  2:38  Barracks  
  25  2:47  SCV  
  25  2:50  Marine  
  27  3:00  SCV  
  28  3:09  Marine  
  28  3:12  SCV  
  30  3:15  Barracks  
  30  3:22  Barracks, Barracks Tech Lab  
  30  3:24  Barracks Reactor, SCV  
  31  3:33  Marine  
  32  3:39  Orbital Command, SCV  
  31  3:52  SCV  
  31  3:53  Marine x2  
  33  4:04  Barracks Reactor, SCV  
  33  4:07  Supply Depot  
  33  4:09  SCV  
  35  4:11  Barracks Tech Lab  
  35  4:12  Barracks Reactor  
  35  4:17  SCV  
  35  4:21  SCV  
  35  4:22  Supply Depot  
  37  4:24  Marine x2  
  37  4:25  Marine  
  37  4:26  Marine  
  37  4:29  SCV  
  42  4:33  SCV  
  42  4:34  Supply Depot  
  43  4:41  SCV  
  43  4:42  Marine  
  43  4:43  Marauder  
  43  4:45  SCV  
  48  4:47  Marine  
  48  4:48  Marine x3  
  48  4:49  Marine x2  
  54  4:56  SCV  
  54  4:57  Supply Depot x2  
  55  5:00  Marine  
  55  5:03  SCV  
  62  5:13  Refinery  
  65  5:14  Refinery  
Show
View Real Time Build Order
Export as new Build Order

Julius Terran 

Build Orders:  

Get SALT Encoding   

  12  0:00  SCV  
  13  0:13  SCV  
  14  0:18  Supply Depot  
  14  0:25  SCV  
  15  0:40  SCV  
  15  0:41  Barracks  
  16  0:52  SCV  
  17  0:57  Barracks  
  17  1:04  SCV  
  18  1:16  SCV  
  19  1:20  Barracks  
  19  1:29  Orbital Command  
  19  1:30  Marine  
  20  1:36  Supply Depot  
  20  1:46  Barracks  
  20  1:48  Marine  
  21  1:54  SCV  
  22  2:03  Barracks  
  22  2:11  Barracks  
  22  2:19  Barracks  
  22  2:25  Marine x3  
  25  2:32  Supply Depot  
  25  2:35  Marine  
  26  2:43  Supply Depot  
  26  2:46  Marine  
  26  2:47  Marine  
  26  2:48  Marine  
  29  2:53  Marine  
  29  2:56  Marine  
  31  3:03  Supply Depot  
  31  3:04  Marine  
  32  3:08  Marine x2  
  32  3:11  Marine  
  35  3:14  Marine  
  35  3:16  Marine  
  37  3:20  Marine  
  37  3:23  Marine  
  39  3:28  Marine x2  
  41  3:35  Marine x3  
  41  3:40  Marine  
  41  3:41  Marine  
  45  3:46  SCV  
  47  3:50  Marine x2  
  47  3:53  Marine  
  47  3:54  Marine x2  
  50  4:04  Marine x2  
  50  4:08  Marine  
  50  4:09  Marine  
  54  4:11  Marine  
  54  4:14  Marine  
  55  4:21  Marine  
  55  4:22  Marine  
  57  4:27  Supply Depot  
  57  4:30  Marine x3  
  54  4:40  Marine x2  
  54  4:41  Marine  
  47  4:45  Marine  
  47  4:48  Marine  
  49  4:53  Marine x2  
  49  4:58  Marine  
Show
View Real Time Build Order
Export as new Build Order

BizMac Zerg 

Build Orders: Pool First 

Get SALT Encoding   

  12  0:01  Drone  
  13  0:09  Drone  
  14  0:18  Overlord  
  14  0:36  Drone  
  14  0:37  Drone x2  
  17  0:49  Extractor  
  16  0:50  Spawning Pool  
  16  0:54  Drone  
  16  1:24  Drone  
  16  1:25  Drone  
  19  1:32  Drone  
  19  1:42  Hatchery  
  19  1:46  Queen  
  20  1:53  Metabolic Boost  
  20  2:03  Overlord  
  21  2:08  Zergling x4  
  22  2:21  Drone  
  23  2:40  Zergling x4  
  25  2:48  Drone, Extractor  
  25  2:57  Drone  
  26  3:00  Queen  
  28  3:05  Drone  
  28  3:06  Drone x4  
  33  3:17  Drone  
  32  3:28  Zergling x4  
  32  3:29  Zergling x2  
  35  3:38  Baneling Nest  
  35  3:40  Overlord x2  
  34  3:45  Zergling x2  
  33  4:00  Zergling x8  
  19  4:13  Zergling x2  
  19  4:14  Zergling x12  
  16  4:46  Drone x5  
  16  4:49  Drone  
Show
View Real Time Build Order
Export as new Build Order

ILIEKEGGPIE Protoss 

Build Orders: Oracle Opening 

Get SALT Encoding   

  12  0:01  Probe  
  13  0:13  Probe  
  14  0:20  Pylon  
  14  0:25  Probe  
  15  0:38  Probe  
  16  0:44  Gateway  
  16  0:50  Probe  
  16  0:53  Assimilator  
  17  1:02  Probe  
  18  1:14  Probe  
  18  1:23  Pylon  
  18  1:24  Probe  
  18  1:27  Assimilator  
  18  1:32  Probe  
  19  1:33  Cybernetics Core  
  20  1:51  Probe  
  21  2:03  Probe  
  21  2:06  Adept  
  22  2:13  Stargate  
  24  2:18  Warp Gate  
  24  2:43  Adept  
  26  2:47  Oracle  
  26  2:55  Nexus  
  29  3:06  Pylon  
  29  3:10  Probe  
  30  3:35  Gateway, Oracle  
  30  3:37  Gateway  
  30  3:40  Pylon  
  30  4:42  Adept x3  
  33  4:56  Nexus  
  24  5:08  Sentry x3  
Tags
 
Add a new tag
Caveats
  • Supply blocks, unpowered buildings, or Contaminate may cause inaccurate times.
  • Supply counts are checked every 10 seconds.